 Dungeon Crawl Stone Soup version 0.27-a0-1060-gcb85b5eba1 (webtiles) character file.

Game seed: 772291220266881338

486 Ghazghkull the Firebug (level 7, -1/50 HPs)
             Began as a Gnoll Fire Elementalist on Apr 20, 2021.
             Was an Initiate of Qazlal.
             Slain by Duvessa
             ... wielding a +0 short sword
              (8 damage)
             ... on level 4 of the Dungeon on Apr 21, 2021.
             The game lasted 00:27:15 (4222 turns).

Ghazghkull the Firebug (Gnoll Fire Elementalist)    Turns: 4222, Time: 00:27:15

Health: -1/50      AC:  6    Str:  7    XL:     7   Next: 13%
Magic:  0/15       EV: 13    Int: 23    God:    Qazlal [......]
Gold:   126        SH:  0    Dex: 12    Spells: 14/17 levels left

rFire    . . .     SeeInvis .   p - +6 mace of Paumases {freeze, rC+ rN+}
rCold    + . .     Faith    .   (no shield)
rNeg     + . .     Spirit   +   a - +0 robe
rPois    .         Reflect  .   i - +1 helmet
rElec    .         Harm     .   n - +0 cloak
rCorr    .         Rampage  .   g - +0 pair of gloves
Will     .....                  (no boots)
Stlth    +++.......             f - amulet of guardian spirit
HPRegen  0.16/turn              l - +6 ring of intelligence
MPRegen  0.14/turn              (no ring)

@: no status effects
A: fangs 1, strong nose, distributed training
a: Renounce Religion


You were on level 4 of the Dungeon.
You worshipped Qazlal.
Qazlal was noncommittal.
You visited 1 branch of the dungeon, and saw 5 of its levels.

You collected 126 gold pieces.

Inventory:

Hand Weapons
 p - the +6 mace of Paumases (weapon) {freeze, rC+ rN+}
   (You took it off an orc on level 4 of the Dungeon)

   It has been specially enchanted to freeze those struck by it, causing extra
   injury to most foes and up to half again as much damage against particularly
   susceptible opponents.
   It can also slow down cold-blooded creatures.
   It protects you from cold.
   It protects you from negative energy.
Armour
 a - a +0 robe (worn)
 g - a +0 pair of gloves (worn)
 i - a +1 helmet (worn)
 n - a +0 cloak (worn)
Jewellery
 f - an amulet of guardian spirit (around neck)
 l - a +6 ring of intelligence (left hand)
Scrolls
 h - 2 scrolls of blinking
 k - a scroll of teleportation
 o - a scroll of identify
Potions
 b - 2 potions of magic
 c - a potion of degeneration {unknown}
 d - 4 potions of curing {unknown}
 e - a potion of cancellation {unknown}
 j - a potion of lignification {unknown}
 m - 2 potions of heal wounds {unknown}


   Skills:
 + Level 2.3 Fighting
 + Level 2.3 Short Blades
 + Level 2.3 Long Blades
 + Level 2.3 Axes
 + Level 2.3 Maces & Flails
 + Level 2.3 Polearms
 + Level 2.3 Staves
 + Level 2.3 Slings
 + Level 2.3 Bows
 + Level 2.3 Crossbows
 + Level 2.3 Throwing
 + Level 2.3 Armour
 + Level 5.1 Dodging
 + Level 4.8 Stealth
 + Level 2.3 Shields
 + Level 2.3 Unarmed Combat
 + Level 5.5 Spellcasting
 + Level 2.8 Conjurations
 + Level 1.8 Hexes
 + Level 1.8 Summonings
 + Level 1.8 Necromancy
 + Level 1.8 Translocations
 + Level 1.8 Transmutations
 + Level 5.8 Fire Magic
 + Level 1.8 Ice Magic
 + Level 1.8 Air Magic
 + Level 1.8 Earth Magic
 + Level 1.8 Poison Magic
 + Level 2.5 Invocations
 + Level 2.3 Evocations


You had 14 spell levels left.
You knew the following spells:

 Your Spells              Type           Power      Damage    Failure   Level
a - Foxfire               Conj/Fire      100%       2x1d9     1%          1
b - Searing Ray           Conj           38%        3d4       4%          2

Your spell library contained the following spells:

 Spells                   Type           Power      Damage    Failure   Level
 Magic Dart               Conj           76%        1d6       2%          1
 Conjure Flame            Conj/Fire      26%        6-21      4%          3
 Inner Flame              Hex/Fire       24%        N/A       5%          3
 Dazzling Flash           Conj/Hex       34%        N/A       10%         3
 Sticky Flame             Conj/Fire      26%        2d5       16%         4
 Fulminant Prism          Conj/Hex       8%         3d7       32%         4
 Iskenderun's Mystic Bla  Conj/Tloc      17%        2d5       32%         4
 Fireball                 Conj/Fire      13%        3d7       38%         5


Dungeon Overview and Level Annotations

Branches:
Dungeon (5/15)
 Temple: D:4-7

Altars:
Ashenzari
Dithmenos
Gozag
Okawaru
Qazlal
Trog
Yredelemnul

Shops:
D:3 [

Annotations:
D:4 Duvessa


Innate Abilities, Weirdness & Mutations

You have very sharp teeth.
Your uncanny sense of smell can sniff out nearby items.
Your experience applies equally to all skills.


Message History

The foxfire hits Duvessa but does no damage.
Duvessa is moderately wounded.
Duvessa hits you with a +0 short sword. Duvessa barely misses you.
Magic courses through your body.
The foxfire hits Duvessa.
Duvessa is moderately wounded.
The foxfire hits Duvessa but does no damage.
Duvessa is moderately wounded.
Duvessa completely misses you.
You are too injured to fight recklessly!
You sock Duvessa! You freeze Duvessa.
Duvessa is heavily wounded.
Duvessa closely misses you. Duvessa barely misses you.
You hit Duvessa. You freeze Duvessa.
Duvessa is severely wounded.
Duvessa barely misses you. x2
You hit Duvessa. You freeze Duvessa.
Duvessa is severely wounded.
Duvessa misses you. Duvessa hits you with a +0 short sword!
Your magical contamination has completely faded away.
You completely miss Duvessa.
Duvessa is severely wounded.
Duvessa hits you with a +0 short sword.
* * * LOW HITPOINT WARNING * * *
Duvessa hits you with a +0 short sword!
* * * LOW HITPOINT WARNING * * *
You hit Duvessa but do no damage.
Duvessa is severely wounded.
Duvessa barely misses you. Duvessa completely misses you.
You hit Duvessa. You freeze Duvessa.
Duvessa is almost dead.
Duvessa hits you with a +0 short sword.
* * * LOW HITPOINT WARNING * * *
Duvessa barely misses you.
You are too injured to fight recklessly!
You are too injured to fight recklessly!
Casting: Foxfire (safe; 1% risk of failure)
Press: ? - help, Q - select action, (/) - cycle Dir - look around, f - activate You conjure some foxfire!
Duvessa hits you with a +0 short sword!
You die...

,** #.####...###.# ,,* *,*
##.## #.# *,* *,* #.# #.#
*,* *,* #.# #.##### *,*
*∆****#.# #.#...### *,*
*,*,,,..# #..._...# *,*
*,*,**### ##._..._.#*
*,***,*,* ##.vv......#*
,,,**,#.######..@..8.._..*
,,,**,#.........e........*
,,,**,..........._..._...*
,,,,,,#########...._....#*
,,,,,,* ##.#...##.#
,,,,,,* #.###....# ,,,****
#.#####.#* ,,,* #..§§...#
,,,* ###.#####


You could see Duvessa (berserk, ally target).

Vanquished Creatures
  A necrophage (D:5)
  An ogre (D:4)
  A scorpion (D:5)
  Dowan (D:4)
  A hound (D:4)
  An orc wizard (D:4)
  Robin (D:4)
  3 adders
  A gnoll (D:1)
  2 worms
  2 dart slugs
  7 orcs (D:4)
  6 endoplasms
  A giant cockroach (D:1)
  8 hobgoblins
  7 jackals
  8 kobolds
  5 quokkas
  10 ball pythons
  7 bats
  5 frilled lizards
  12 goblins
  5 rats (D:1)
96 creatures vanquished.

Vanquished Creatures (others)
  264 foxfires
264 creatures vanquished.

Grand Total: 360 creatures vanquished

Notes
Turn   | Place    | Note
-------+----------+-------------------------------------------
     0 | D:1      | Ghazghkull the Gnoll Fire Elementalist began the quest for
                  | the Orb.
     0 | D:1      | Reached XP level 1. HP: 13/13 MP: 6/6
   176 | D:1      | Reached XP level 2. HP: 19/19 MP: 5/7
   633 | D:1      | Reached XP level 3. HP: 25/25 MP: 5/9
   678 | D:1      | Learned a level 2 spell: Searing Ray
   730 | D:1      | Reached skill level 5 in Spellcasting
  1058 | D:1      | Reached skill level 1 in Invocations
  1455 | D:2      | Found a faded altar of an unknown god.
  1532 | D:2      | Reached skill level 1 in Fighting
  1532 | D:2      | Reached skill level 1 in Short Blades
  1532 | D:2      | Reached skill level 1 in Long Blades
  1532 | D:2      | Reached skill level 1 in Axes
  1532 | D:2      | Reached skill level 1 in Maces & Flails
  1532 | D:2      | Reached skill level 1 in Polearms
  1532 | D:2      | Reached skill level 1 in Staves
  1532 | D:2      | Reached skill level 1 in Slings
  1532 | D:2      | Reached skill level 1 in Bows
  1532 | D:2      | Reached skill level 1 in Crossbows
  1532 | D:2      | Reached skill level 1 in Throwing
  1532 | D:2      | Reached skill level 1 in Armour
  1532 | D:2      | Reached skill level 1 in Shields
  1532 | D:2      | Reached skill level 1 in Unarmed Combat
  1532 | D:2      | Reached skill level 1 in Evocations
  1808 | D:2      | Reached XP level 4. HP: 32/32 MP: 8/11
  2599 | D:3      | Found Jygevuvu's Antique Armour Boutique.
  3059 | D:4      | Reached skill level 1 in Hexes
  3059 | D:4      | Reached skill level 1 in Summonings
  3059 | D:4      | Reached skill level 1 in Necromancy
  3059 | D:4      | Reached skill level 1 in Translocations
  3059 | D:4      | Reached skill level 1 in Transmutations
  3059 | D:4      | Reached skill level 1 in Ice Magic
  3059 | D:4      | Reached skill level 1 in Air Magic
  3059 | D:4      | Reached skill level 1 in Earth Magic
  3059 | D:4      | Reached skill level 1 in Poison Magic
  3079 | D:4      | Upgraded the game from 0.27-a0-1048-g7ee7857c10 to
                  | 0.27-a0-1060-gcb85b5eba1
  3108 | D:4      | Reached XP level 5. HP: 36/37 MP: 1/12
  3337 | D:4      | Noticed an ogre
  3347 | D:4      | Killed an ogre
  3399 | D:4      | Noticed Robin
  3403 | D:4      | Killed Robin
  3404 | D:4      | Reached XP level 6. HP: 44/44 MP: 8/13
  3710 | D:4      | You fall into a shaft and drop 1 floor!
  3710 | D:5      | Entered Level 5 of the Dungeon
  3730 | D:5      | Reached skill level 5 in Dodging
  3787 | D:5      | Noticed a necrophage
  3793 | D:5      | Killed a necrophage
  3976 | D:4      | Identified the +6 mace of Paumases {freeze, rC+ rN+}
  3999 | D:4      | Reached XP level 7. HP: 50/50 MP: 10/15
  4174 | D:4      | Found a stormy altar of Qazlal.
  4178 | D:4      | Found a basalt altar of Yredelemnul.
  4178 | D:4      | Found an iron altar of Okawaru.
  4179 | D:4      | Found an opulent altar of Gozag.
  4179 | D:4      | Found a bloodstained altar of Trog.
  4179 | D:4      | Found a shadowy altar of Dithmenos.
  4179 | D:4      | Found a broken altar of Ashenzari.
  4182 | D:4      | Became a worshipper of Qazlal Stormbringer
  4195 | D:4      | Noticed Duvessa
  4195 | D:4      | Noticed Dowan
  4209 | D:4      | Killed Dowan
  4222 | D:4      | Slain by Duvessa

Illustrated notes

Levels and vault maps discovered:
D:1:      dpeg_arrival_ternary, layout_basic, serial_corexii_hall,
          corexii_hall_statues_x, corexii_hall_statues_s, hangedman_decor_push
D:2:      layout_basic, shapermc_ecumenical_altar_venn
D:3:      layout_basic, serial_shops, shop
D:4:      layout_loops_ring, grunt_temple_overflow_open, marbit_many_paths,
          uniq_duvessa, uniq_robin
D:5:      layout_basic, enter_ossuary_2, minmay_holes, minmay_misc_feat_rows,
          hangedman_decor_slide_cut

Skill      XL: |  1  2  3  4  5  6 |
---------------+-------------------+-----
Conjurations   | 2 |  2.8
Spellcasting   | 5 |  5.5
Invocations    | 1 2 |  2.5
Fighting       | 1 2 |  2.3
Short Blades   | 1 2 |  2.3
Long Blades    | 1 2 |  2.3
Axes           | 1 2 |  2.3
Maces & Flails | 1 2 |  2.3
Polearms       | 1 2 |  2.3
Staves         | 1 2 |  2.3
Slings         | 1 2 |  2.3
Bows           | 1 2 |  2.3
Crossbows      | 1 2 |  2.3
Throwing       | 1 2 |  2.3
Armour         | 1 2 |  2.3
Shields        | 1 2 |  2.3
Unarmed Combat | 1 2 |  2.3
Evocations     | 1 2 |  2.3
Hexes          | 1 |  1.8
Summonings     | 1 |  1.8
Necromancy     | 1 |  1.8
Translocations | 1 |  1.8
Transmutations | 1 |  1.8
Ice Magic      | 1 |  1.8
Air Magic      | 1 |  1.8
Earth Magic    | 1 |  1.8
Poison Magic   | 1 |  1.8
Dodging        | 5 |  5.1
Stealth        | |  4.8
Fire Magic     | |  5.8

Action                   |  1- 3 |  4- 6 |  7- 9 || total
-------------------------+-------+-------+-------++-------
Melee: Unarmed           |       |     1 |       ||     1
       Mace              |       |       |     6 ||     6
 Cast: Foxfire           |    73 |    80 |     9 ||   162
       Searing Ray       |       |    13 |     4 ||    17
  Use: Scroll            |     3 |     3 |       ||     6
       Potion            |       |       |     1 ||     1
Armor: Robe              |     1 |     2 |     1 ||     4
Dodge: Dodged            |     4 |    17 |    13 ||    34

Table legend: (Time is in decaauts)
 A = Elapsed time spent in this place.
 B = Non-inter-level travel time spent in this place.
 C = Inter-level travel time spent in this place.
 D = Time resting spent in this place.
 E = Time spent auto-exploring this place.
 F = Levels seen in this place.
 G = Mean time per level.
                   A        B        C        D        E       F      G
               +--------+--------+--------+--------+--------+-----+--------+
         Total |   4222 |   4131 |     91 |      0 |   3520 |   5 |  844.4 |
       Dungeon |   4222 |   4131 |     91 |      0 |   3520 |   5 |  844.4 |
               +--------+--------+--------+--------+--------+-----+--------+

Top non-repeatable levels by time:
     D:1: 1398 daAuts
     D:4: 994 daAuts
     D:2: 989 daAuts
     D:3: 654 daAuts
     D:5: 185 daAuts
